 Dungeon Crawl Stone Soup version 0.21.1-1-g345015f (webtiles) character file.

59 raistware the Conjurer (level 3, -1/24 HPs)
             Began as a Mummy Conjurer on Mar 29, 2018.
             Slain by Crazy Yiuf
             ... wielding a +4 quarterstaff of chaos
              (13 damage)
             ... on level 2 of the Dungeon.
             The game lasted 00:08:45 (1662 turns).

raistware the Conjurer (Mummy Conjurer)             Turns: 1662, Time: 00:08:45

Health: -1/24      AC:  2    Str: 11    XL:     3   Next: 78%
Magic:  0/8        EV: 12    Int: 15    God:
Gold:   73         SH:  0    Dex: 12    Spells: 6/9 levels left

rFire    x . .     SeeInvis .   (no weapon)
rCold    + . .     Gourm    .   (no shield)
rNeg     + + +     Faith    .   a - +0 robe
rPois    ∞         Spirit   .   (no helmet)
rElec    .         Reflect  .   (no cloak)
rCorr    .         Harm     .   (no gloves)
MR       .....                  (no boots)
Stlth    ++........             (no amulet)
HPRegen  0.08/turn              (no ring)
MPRegen  0.11/turn              (no ring)

@: no status effects
A: no food or potions, fire vulnerability, cold resistance 1, negative energy
resistance 3, torment resistance, unbreathing
a: no special abilities


You were on level 2 of the Dungeon.
You were not hungry.

You visited 1 branch of the dungeon, and saw 2 of its levels.

You collected 73 gold pieces.

Inventory:

Armour
 a - a +0 robe (worn)
Jewellery
 g - an uncursed ring of resist corrosion {unknown}
Scrolls
 c - 2 scrolls of teleportation {unknown}
 d - 3 scrolls of identify {unknown}
 e - a scroll of fear {unknown}
 f - a scroll of noise {unknown}
 h - a scroll of blinking {unknown}
Books
 b - a book of Conjurations

   Spells                             Type                      Level
   a - Magic Dart                     Conjuration                  1
   b - Searing Ray                    Conjuration                  2
   c - Dazzling Spray                 Conjuration/Hexes            3
   d - Fulminant Prism                Conjuration/Hexes            4
   e - Force Lance                    Conjuration/Translocation    4
   f - Iskenderun's Mystic Blast      Conjuration                  4


   Skills:
 - Level 1.5 Dodging
 - Level 1.5 Stealth
 * Level 3.8 Spellcasting
 + Level 4.1 Conjurations


You had 6 spell levels left.
You knew the following spells:

 Your Spells              Type           Power        Failure   Level  Hunger
a - Magic Dart            Conj           ###.         3%          1    N/A
b - Searing Ray           Conj           ###...       4%          2    N/A

Dungeon Overview and Level Annotations

Branches:
Dungeon (2/15)

Altars:

Annotations:
D:2 Crazy Yiuf


Innate Abilities, Weirdness & Mutations

You do not eat or drink.
Your flesh is vulnerable to fire.
You are immune to poison.
Your flesh is cold resistant. (rC+)
You are immune to negative energy. (rN+++)
You are immune to unholy pain and torment.
You can survive without breathing.


Message History

The magic dart hits Crazy Yiuf.
Crazy Yiuf is heavily wounded.
Crazy Yiuf barely misses you.
You closely miss Crazy Yiuf.
Crazy Yiuf is heavily wounded.
Crazy Yiuf drinks a potion.
Crazy Yiuf is healed!
You hit Crazy Yiuf.
Crazy Yiuf is lightly wounded.
Crazy Yiuf hits you with a quarterstaff of chaos!
Crazy Yiuf burns you.
Casting: Magic Dart
Confirm with . or Enter, or press ? or * to list all spells.
Aiming: Magic Dart
Press: ? - help, Shift-Dir - straight line, f/p - Crazy Yiuf
Aim: Crazy Yiuf, wielding a quarterstaff of chaos and wearing a cloak (lightly wounded)
The magic dart hits Crazy Yiuf.
Crazy Yiuf is lightly wounded.
Crazy Yiuf hits you with a quarterstaff of chaos!
Ouch! That really hurt!
You die...

#....##
#.........
#....#
###.#...###.
♣P.P.♣
#...........
♣♣.P.♣
#......÷....
♣♣.♣♣
#.#.#.##....
♣♣.♣
#.#.#.##....
♣.♣♣
#.#.#.##.#..
♣♣.♣
#.#.#.##...#
♣@♣♣
#.#.#.###...
#g# #.#.#.#
#... #######
... #.#.#!#
#... #.....#
#...# #.#.#.#
##.. #.....#
#)..# #.# #..
#.....# #####
#.########..
#.....#
#...........
#.....#####
############..
#......##.#
#.............


You could see Crazy Yiuf.

Vanquished Creatures
  2 adders (D:2)
  3 dart slugs (D:1)
  3 leopard geckos (D:1)
  3 bats
  A giant cockroach (D:1)
  4 goblins
  5 hobgoblins
  3 kobolds
  A ball python (D:2)
  A frilled lizard (D:2)
  A jackal zombie (D:1)
  A quokka zombie (D:1)
  4 rats (D:1)
32 creatures vanquished.

Notes
Turn   | Place    | Note
-------+----------+-------------------------------------------
     0 | D:1      | raistware the Mummy Conjurer began the quest for the Orb.
     0 | D:1      | Reached XP level 1. HP: 13/13 MP: 4/4
   355 | D:1      | Reached XP level 2. HP: 19/19 MP: 4/6
   655 | D:1      | Learned a level 2 spell: Searing Ray
   840 | D:1      | Reached XP level 3. HP: 24/24 MP: 2/7
  1294 | D:2      | Reached skill level 4 in Conjurations
  1647 | D:2      | Found a runed door.
  1651 | D:2      | Noticed Crazy Yiuf
  1662 | D:2      | Slain by Crazy Yiuf

Skill      XL: |  1  2  3 |
---------------+----------+-----
Spellcasting   | 3 |  3.8
Conjurations   | 4 |  4.1
Dodging        | |  1.5
Stealth        | |  1.5

Action                   || total
-------------------------++-------
Melee: Unarmed           ||    20
 Cast: Magic Dart        ||    60
       Searing Ray       ||    12
Armor: Robe              ||     5
Dodge: Dodged            ||    30
